 Dungeon Crawl Stone Soup version 0.31-a0-345-g1ebeae05c6 (webtiles) character file.

Game seed: 11010497530033076686

194 rocky1 the Ruffian (level 5, -8/41 HPs)
             Began as a Gnoll Shapeshifter on July 23, 2023.
             Mangled by Sigmund
             ... wielding a +0 scythe
              (13 damage)
             ... on level 3 of the Dungeon.
             The game lasted 00:05:00 (2414 turns).

rocky1 the Ruffian (Gnoll Shapeshifter)             Turns: 2414, Time: 00:05:01

Health: -8/41      AC:  0    Str: 14    XL:     5   Next: 73%
Magic:  7/7        EV: 16    Int:  9    God:
Gold:   179        SH:  0    Dex: 13    Spells: 7/7 levels left

rFire   . .          .
                       - Unarmed
rCold   . . .        (shield currently unavailable)
rNeg    . . .        t - melded +0 ring mail
rPois   .            (helmet currently unavailable)
rElec   .            (cloak currently unavailable)
rCorr   .            (gloves currently unavailable)
SInv    .            (boots currently unavailable)
Will    .....        (no amulet)
Stlth   ++           h - melded ring of protection from cold
HPRegen 0.26/turn    m - melded ring of protection from cold
MPRegen 0.10/turn

%: no passive effects
@: pig-form, very quick
A: fast, no casting, small, (fangs 1), strong nose, distributed training
a: no special abilities


You were on level 3 of the Dungeon.
You were a filthy swine.
You visited 1 branch of the dungeon, and saw 3 of its levels.

You collected 179 gold pieces.

Inventory:

Armour
 a - a +0 animal skin
 t - a +0 ring mail (melded)
 u - a +2 robe of willpower
Jewellery
 h - a ring of protection from cold (melded)
 m - a ring of protection from cold (melded)
Talismans
 c - a beast talisman
Scrolls
 e - 2 scrolls of teleportation {unknown}
 f - a scroll of vulnerability {unknown}
 n - a scroll of silence {unknown}
 o - a scroll of noise {unknown}
 q - 2 scrolls of amnesia {unknown}
 r - 2 scrolls of identify {unknown}
Potions
 b - a potion of lignification
 d - a potion of heal wounds {unknown}
 g - a potion of curing {unknown}
 i - a potion of attraction {unknown}
 j - 2 potions of degeneration {unknown}
 k - a potion of might {unknown}
 l - a potion of brilliance {unknown}
 p - a potion of enlightenment {unknown}


   Skills:
 + Level 3.1 Fighting
 + Level 1.6 Short Blades
 + Level 1.6 Long Blades
 + Level 1.6 Axes
 + Level 1.6 Maces & Flails
 + Level 1.6 Polearms
 + Level 1.6 Staves
 + Level 1.6 Ranged Weapons
 + Level 1.6 Throwing
 + Level 1.6 Armour
 + Level 4.8 Dodging
 + Level 1.6 Stealth
 + Level 1.6 Shields
 + Level 6.7 Unarmed Combat
 + Level 1.6 Spellcasting
 + Level 1.3 Conjurations
 + Level 1.3 Hexes
 + Level 1.3 Summonings
 + Level 1.3 Necromancy
 + Level 1.3 Translocations
 + Level 1.3 Transmutations
 + Level 1.3 Fire Magic
 + Level 1.3 Ice Magic
 + Level 1.3 Air Magic
 + Level 1.3 Earth Magic
 + Level 1.3 Poison Magic
 + Level 1.9 Invocations
 + Level 1.6 Evocations
 + Level 6.6 Shapeshifting


You had 7 spell levels left.
You didn't know any spells.
Your spell library was empty.

Dungeon Overview and Level Annotations

Branches:
Dungeon (3/15)

Altars:
Hepliaklqana
Makhleb
Uskayaw
Wu Jian

Annotations:
D:2 Sigmund


Innate Abilities, Weirdness & Mutations

You are a filthy swine.
You move quickly.
Your equipment is almost entirely melded.
You are incapable of wielding weapons or throwing items.
You cannot cast spells.
((You have very sharp teeth.))
Your uncanny sense of smell can sniff out nearby items.
Your experience applies equally to all skills.


Message History

Something hits you but does no damage.
You cannot move.
Something hits you but does no damage. Something hits you but does no damage.
Something hits you but does no damage. Something hits you but does no damage.
You feel less wooden.
Your +0 ring mail unmelds from your body.
You turn into a hulking beast.
Something barely misses you. Something hits you but does no damage.
You punch something! You miss something.
You hear a zap.
Your transformation has ended.
You turn into a filthy swine.
Your +0 ring mail melds into your body.
Your ring of protection from cold melds into your body. x2
You hit something but do no damage. Something hits you.
You barely miss something. You miss something. The bat completely misses you.
Something hits you!
You miss something. The bat closely misses you. x2
You hit something but do no damage. The bat misses you. The bat hits you.
Something hits you!
You hit something. The bat closely misses you.
You hear some strange, mumbled words.
A puff of flame appears from out of thin air!
The puff of flame hits you!
* * * LOW HITPOINT WARNING * * *
Okay, then.
The bat attacks as you move away! The bat closely misses you. The bat hits you.
* * * LOW HITPOINT WARNING * * *
There is a stone staircase leading down, spattered with blood here.
Things that are here:
a +0 dagger; a +0 dagger The bat closely misses you.
Something closely misses you.
You climb downwards.
Reactivating autopickup.
There is a stone staircase leading up here.
Unknown command.
Something hits you!
You die...

#.# ##.## #....#.# #.# #...#
#....#.# '.# #...# #....#.# #.#
#...# #....#.## #.#
#)..#########....#..##
#.#######...+................##
..#.....#...##................##
.........)..........####.####.>#
..........####.#h...##.....##..#
###.....#.# #.#<#..#.......#..#
#.....#.####.###..#.......#..#
#.....#...##.........._......##
#########..######.#.......#....
#............#.......#..##
#.#.#.#####..##.....##..#
#####.......#..####.####..#
#.....####.<..............#


There were no monsters in sight!

Vanquished Creatures
  Jessica (D:2)
  Natasha (thrice) (D:3)
  4 gnolls (D:3)
  An adder (D:3)
  A dart slug (D:3)
  3 endoplasms
  3 giant cockroaches
  4 hobgoblins
  2 jackals (D:1)
  4 quokkas
  2 ball pythons
  3 bats
  6 frilled lizards
  2 goblins
  7 kobolds
  6 rats
52 creatures vanquished.

Notes
Turn   | Place    | Note
-------+----------+-------------------------------------------
     0 | D:1      | rocky1 the Gnoll Shapeshifter began the quest for the Orb.
     0 | D:1      | Reached XP level 1. HP: 17/17 MP: 1/1
   219 | D:1      | Reached XP level 2. HP: 21/23 MP: 2/2
   876 | D:2      | Noticed Jessica
   880 | D:2      | Killed Jessica
   881 | D:2      | Reached skill level 1 in Short Blades
   881 | D:2      | Reached skill level 1 in Long Blades
   881 | D:2      | Reached skill level 1 in Axes
   881 | D:2      | Reached skill level 1 in Maces & Flails
   881 | D:2      | Reached skill level 1 in Polearms
   881 | D:2      | Reached skill level 1 in Staves
   881 | D:2      | Reached skill level 1 in Ranged Weapons
   881 | D:2      | Reached skill level 1 in Throwing
   881 | D:2      | Reached skill level 1 in Armour
   881 | D:2      | Reached skill level 1 in Stealth
   881 | D:2      | Reached skill level 1 in Shields
   881 | D:2      | Reached skill level 1 in Spellcasting
   881 | D:2      | Reached skill level 1 in Invocations
   881 | D:2      | Reached skill level 1 in Evocations
   881 | D:2      | Reached XP level 3. HP: 28/28 MP: 2/4
   891 | D:2      | Noticed Sigmund
  1268 | D:3      | Found an ornate altar of the Wu Jian Council.
  1312 | D:3      | Found a hazy altar of Hepliaklqana.
  1334 | D:3      | Reached XP level 4. HP: 32/34 MP: 5/5
  1356 | D:3      | Reached skill level 1 in Conjurations
  1356 | D:3      | Reached skill level 1 in Hexes
  1356 | D:3      | Reached skill level 1 in Summonings
  1356 | D:3      | Reached skill level 1 in Necromancy
  1356 | D:3      | Reached skill level 1 in Translocations
  1356 | D:3      | Reached skill level 1 in Transmutations
  1356 | D:3      | Reached skill level 1 in Fire Magic
  1356 | D:3      | Reached skill level 1 in Ice Magic
  1356 | D:3      | Reached skill level 1 in Air Magic
  1356 | D:3      | Reached skill level 1 in Earth Magic
  1356 | D:3      | Reached skill level 1 in Poison Magic
  1830 | D:3      | Found a burning altar of Makhleb.
  1930 | D:3      | Noticed Natasha
  1934 | D:3      | Killed Natasha
  1935 | D:3      | Reached XP level 5. HP: 33/40 MP: 5/7
  1945 | D:3      | Noticed Natasha
  1953 | D:3      | Killed Natasha
  2095 | D:3      | Noticed Natasha
  2101 | D:3      | Killed Natasha
  2109 | D:3      | Found a hide-covered altar of Uskayaw.
  2414 | D:3      | Mangled by Sigmund

Illustrated notes

Levels and vault maps discovered:
D:1:      lightli_arrival_boilingwater, layout_loops_corners,
          hangedman_decor_push
D:2:      layout_loops_ring, uniq_jessica, uniq_sigmund, uniq_crazy_yiuf_cottage
D:3:      layout_basic, nicolae_overflow_crystal_walls, old_standard_altar,
          mainiacjoe_overflow_alcove_1, lemuel_doored_altar, uniq_natasha

Skill      XL: |  1  2  3  4  5 |
---------------+----------------+-----
Short Blades   | 1 |  1.6
Long Blades    | 1 |  1.6
Axes           | 1 |  1.6
Maces & Flails | 1 |  1.6
Polearms       | 1 |  1.6
Staves         | 1 |  1.6
Ranged Weapons | 1 |  1.6
Throwing       | 1 |  1.6
Armour         | 1 |  1.6
Stealth        | 1 |  1.6
Shields        | 1 |  1.6
Spellcasting   | 1 |  1.6
Invocations    | 1 |  1.9
Evocations     | 1 |  1.6
Conjurations   | 1 |  1.3
Hexes          | 1 |  1.3
Summonings     | 1 |  1.3
Necromancy     | 1 |  1.3
Translocations | 1 |  1.3
Transmutations | 1 |  1.3
Fire Magic     | 1 |  1.3
Ice Magic      | 1 |  1.3
Air Magic      | 1 |  1.3
Earth Magic    | 1 |  1.3
Poison Magic   | 1 |  1.3
Fighting       | 3 |  3.1
Dodging        | |  4.8
Unarmed Combat | |  6.7
Shapeshifting  | |  6.6

Action                     |  1- 3 |  4- 6 || total
---------------------------+-------+-------++-------
  Melee: Unarmed           |    55 |    58 ||   113
         Bite              |     2 |     1 ||     3
         Punch             |       |     1 ||     1
  Throw: Dart              |       |     6 ||     6
   Stab: Sleeping          |     4 |       ||     4
 Armour: Animal skin       |     4 |     4 ||     8
         Skin              |       |     6 ||     6
         Ring mail         |       |     2 ||     2
  Dodge: Dodged            |    25 |    30 ||    55

Table legend: (Time is in decaauts)
 A = Elapsed time spent in this place.
 B = Non-inter-level travel time spent in this place.
 C = Inter-level travel time spent in this place.
 D = Time resting spent in this place.
 E = Time spent auto-exploring this place.
 F = Levels seen in this place.
 G = Mean time per level.
                   A        B        C        D        E       F      G
               +--------+--------+--------+--------+--------+-----+--------+
         Total |   2385 |   2297 |     88 |    607 |   1282 |   3 |  795.0 |
       Dungeon |   2385 |   2297 |     88 |    607 |   1282 |   3 |  795.0 |
               +--------+--------+--------+--------+--------+-----+--------+

Top non-repeatable levels by time:
     D:1: 1122 daAuts
     D:3: 962 daAuts
     D:2: 301 daAuts
